 Dungeon Crawl Stone Soup version 0.28-a0-556-gab23d0e057 (webtiles) character file.

Game seed: 5662679026449005703

63 RepHenryClay the Poker (level 3, -1/29 HPs)
             Began as a Demonspawn Wanderer on Sept 23, 2021.
             Slain by an iguana (9 damage)
             ... on level 4 of the Dungeon on Sept 28, 2021.
             The game lasted 00:03:33 (2371 turns).

RepHenryClay the Poker (Demonspawn Wanderer)        Turns: 2371, Time: 00:03:33

Health: -1/29      AC:  5    Str: 13    XL:     3   Next: 87%
Magic:  3/3        EV: 11    Int: 12    God:
Gold:   167        SH:  0    Dex: 13    Spells: 2/2 levels left

rFire   . . .      SeeInvis .   a - +2 spear
rCold   . . .      Faith    .   (no shield)
rNeg    . . .      Spirit   .   d - +0 robe
rPois   .          Reflect  .   (no helmet)
rElec   .          Harm     .   (no cloak)
rCorr   .          Rampage  .   m - +2 pair of gloves
Will    .....                   (no boots)
Stlth   ++........              (no amulet)
HPRegen 0.09/turn               (no ring)
MPRegen 0.08/turn               (no ring)

@: no status effects
A: hooves 1
a: no special abilities


You were on level 4 of the Dungeon.
You visited 1 branch of the dungeon, and saw 4 of its levels.

You collected 167 gold pieces.

Inventory:

Hand Weapons
 a - a +2 spear (weapon)
Missiles
 e - 13 poisoned darts (quivered)
Armour
 d - a +0 robe (worn)
 m - a +2 pair of gloves (worn)
Jewellery
 j - a +4 ring of evasion
Scrolls
 c - 2 scrolls of teleportation
 h - a scroll of identify {unknown}
 i - a scroll of fear {unknown}
 k - a scroll of noise {unknown}
 l - a scroll of silence {unknown}
 n - a scroll of acquirement {unknown}
 o - a scroll of immolation {unknown}
Potions
 b - a potion of lignification
 f - a potion of flight {unknown}
 g - 2 potions of heal wounds {unknown}


   Skills:
 - Level 3.0 Fighting
 - Level 1.7 Long Blades
 + Level 3.9 Polearms
 - Level 1.0 Throwing
 - Level 1.0 Dodging
 - Level 1.0 Stealth


You had 2 spell levels left.
You didn't know any spells.
Your spell library contained the following spells:

 Spells                   Type           Power      Damage    Failure   Level
 Corpse Rot               Necr/Air       N/A        N/A       45%         2
 Poisonous Vapours        Pois/Air       0%         N/A       45%         2


Dungeon Overview and Level Annotations

Branches:
Dungeon (4/15)
 Temple: D:4-7

Altars:
Ashenzari
Dithmenos
Fedhas
Hepliaklqana
Trog


Innate Abilities, Weirdness & Mutations

You have large cloven feet.


Message History

The ball python closely misses you. The ball python grabs you.
The ball python constricts you. The iguana bites you!
Huge Dmg: -38%(-11hp) hp: 45%(13hp)
You are too injured to fight recklessly!
You escape the ball python's grasp.
The ball python closely misses you. The ball python barely misses you.
The ball python bites you. The ball python barely misses you. x2
The ball python grabs you. The ball python constricts you.
Damage: -3%(-1hp) hp: 42%(12hp)
The ball python's grasp on you weakens, but your attempt to escape fails.
The iguana bites you.
* * * LOW HITPOINT WARNING * * *
The ball python bites you.
* * * LOW HITPOINT WARNING * * *
The ball python constricts you.
* * * LOW HITPOINT WARNING * * *
Huge Dmg: -14%(-4hp) hp: 28%(8hp)
You escape the ball python's grasp.
The iguana hisses menacingly.
Throw: 14 darts (poison)
Press: ? - help, Q - select action Shift-Dir - straight line, f - iguana
Aim: an iguana (heavily wounded, 61% to hit)
You throw a poisoned dart. The poisoned dart hits the iguana.
The iguana is poisoned.
The iguana is heavily wounded.
The iguana barely misses you.
Unknown command.
You hit the iguana. You kick the iguana, but do no damage.
The iguana is severely wounded.
The iguana bites you but does no damage.
You hit the iguana. Your kick misses the iguana.
The iguana is severely wounded.
The iguana misses you.
You barely miss the iguana. Your kick misses the iguana.
The iguana is almost dead.
The iguana barely misses you.
You hit the iguana. You kick the iguana, but do no damage.
The iguana is almost dead.
The iguana bites you!
You die...

## #. #. #. #.###
#.@.# #######S#.
###l####..)......
#S.<##.#####...
##.....##.#
#........#
#........#
#......###
#........#
#.....##.#


You could see an iguana (poisoned) and a ball python.

Vanquished Creatures
  An adder (D:2)
  A worm (D:3)
  2 dart slugs
  An orc (D:3)
  2 ball pythons (D:1)
  2 endoplasms (D:1)
  3 giant cockroaches
  A goblin (D:2)
  6 hobgoblins
  3 jackals (D:2)
  2 quokkas (D:1)
  3 bats (D:1)
  4 frilled lizards
  5 kobolds
  7 rats
43 creatures vanquished.

Notes
Turn   | Place    | Note
-------+----------+-------------------------------------------
     0 | D:1      | RepHenryClay the Demonspawn Wanderer began the quest for
                  | the Orb.
     0 | D:1      | RepHenryClay set off with the following items: a +2 spear,
                  | a potion of lignification, a scroll of teleportation, a +0
                  | robe
     0 | D:1      | Reached XP level 1. HP: 18/18 MP: 1/1
   151 | D:1      | Found a faded altar of an unknown god.
   328 | D:1      | Gained mutation: You have large cloven feet. [demonic
                  | ancestry]
   328 | D:1      | Reached XP level 2. HP: 20/24 MP: 2/2
   640 | D:2      | Upgraded the game from 0.28-a0-519-gbfeecf2fc5 to
                  | 0.28-a0-556-gab23d0e057
   739 | D:2      | Reached XP level 3. HP: 15/29 MP: 3/3
  1997 | D:3      | Noticed a shadow
  1998 | D:3      | Found a shadowy altar of Dithmenos.
  1999 | D:3      | Found a hazy altar of Hepliaklqana.
  2290 | D:3      | Found a bloodstained altar of Trog.
  2298 | D:3      | Found a broken altar of Ashenzari.
  2301 | D:3      | Found a blossoming altar of Fedhas.
  2371 | D:4      | Slain by an iguana

Illustrated notes

Levels and vault maps discovered:
D:1:      minmay_arrival_open_corners, layout_rooms,
          hellmonk_ecumenical_altar_arch_garden
D:2:      layout_loops_cross
D:3:      layout_loops_ring, grunt_temple_overflow_diamond,
          riverfiend_overflow_shadow_ancestor
D:4:      layout_basic, old_standard_altar

Skill      XL: |  1  2 |
---------------+-------+-----
Polearms       | 2 3 |  3.9
Fighting       | |  3.0
Long Blades    | |  1.7
Throwing       | |  1.0
Dodging        | |  1.0
Stealth        | |  1.0

Action                   || total
-------------------------++-------
Melee: Spear             ||   129
       Kick              ||    16
Throw: Dart              ||     1
 Stab: Sleeping          ||     3
Armor: Robe              ||    20
Dodge: Dodged            ||    36

Table legend: (Time is in decaauts)
 A = Elapsed time spent in this place.
 B = Non-inter-level travel time spent in this place.
 C = Inter-level travel time spent in this place.
 D = Time resting spent in this place.
 E = Time spent auto-exploring this place.
 F = Levels seen in this place.
 G = Mean time per level.
                   A        B        C        D        E       F      G
               +--------+--------+--------+--------+--------+-----+--------+
         Total |   2364 |   2300 |     64 |    409 |   1553 |   4 |  591.0 |
       Dungeon |   2364 |   2300 |     64 |    409 |   1553 |   4 |  591.0 |
               +--------+--------+--------+--------+--------+-----+--------+

Top non-repeatable levels by time:
     D:2: 878 daAuts
     D:1: 764 daAuts
     D:3: 689 daAuts
     D:4: 31 daAuts
